 Seeded DCSS version 0.29.1-2-gbd0b4ee654 (webtiles) character file.

Game seed: 120811252022 (custom seed)

85 qeuew the Sneak (level 4, 4/21 HPs)
             Began as a Spriggan Venom Mage on Nov 15, 2022.
             Quit the game on level 2 of the Dungeon.
             The game lasted 00:02:34 (2468 turns).

qeuew the Sneak (Spriggan Venom Mage)               Turns: 2468, Time: 00:02:34

Health: 4/21       AC:  2    Str:  4    XL:     4   Next: 25%
Magic:  1/9        EV: 18    Int: 16    God:
Gold:   47         SH:  0    Dex: 17    Spells: 6/9 levels left

rFire   . . .      SeeInvis +   d - +0 short sword
rCold   . . .      Faith    .   (no shield)
rNeg    . . .      Spirit   .   a - +0 robe
rPois   .          Reflect  .   (helmet restricted)
rElec   .          Harm     .   (no cloak)
rCorr   .          Rampage  .   (gloves unavailable)
Will    .....                   (boots unavailable)
Stlth   +++.......              (no amulet)
HPRegen 0.07/turn               (no ring)
MPRegen 0.11/turn               (no ring)

@: very slightly contaminated, very quick
A: very small, no large weapons, unfitting armour, see invisible, speed 3
a: no special abilities


You were on level 2 of the Dungeon.
You visited 1 branch of the dungeon, and saw 2 of its levels.

You collected 47 gold pieces.

Inventory:

Hand Weapons
 d - a +0 short sword (weapon)
Armour
 a - a +0 robe (worn)
Jewellery
 g - an amulet of guardian spirit
 i - an amulet of the acrobat
Scrolls
 e - a scroll of identify
 k - a scroll of immolation {unknown}
Potions
 b - a potion of magic
 c - a potion of flight {unknown}
 f - a potion of curing
 h - 2 potions of heal wounds
 j - a potion of cancellation {unknown}


   Skills:
 + Level 1.3 Short Blades
 + Level 3.4 Dodging
 + Level 4.0 Stealth
 + Level 3.3 Spellcasting
 + Level 2.4 Transmutations
 + Level 3.4 Poison Magic


You had 6 spell levels left.
You knew the following spells:

 Your Spells              Type           Power      Damage    Failure   Level
a - Sting                 Tmut/Pois      48%        1d5       5%          1
b - Poisonous Vapours     Pois/Air       16%        N/A       14%         2

Your spell library contained the following spells:

 Spells                   Type           Power      Damage    Failure   Level
 Passwall                 Tmut/Erth      5%         N/A       17%         2
 Sandblast                Erth           4%         2d4       19%         1
 Mephitic Cloud           Conj/Pois/Air  6%         N/A       34%         3
 Olgreb's Toxic Radiance  Pois           13%        N/A       41%         4
 Stone Arrow              Conj/Erth      4%         3d7       50%         3


Dungeon Overview and Level Annotations

Branches:
Dungeon (2/15)

Altars:

Shops:
D:1 :


Innate Abilities, Weirdness & Mutations

You are very small and have problems with some larger weapons.
You are too small for most types of armour.
You have supernaturally acute eyesight. (SInv)
You cover ground extremely quickly. (Speed+++)


Message History

The gnoll barely misses you.
There are monsters nearby!
You hit the gnoll.
The gnoll is severely wounded.
The gnoll hits you from afar with a +0 spear.
The sting hits the gnoll.
The gnoll looks even sicker.
The gnoll is severely wounded.
The gnoll closely misses you. The gnoll misses you.
The gnoll closely misses you.
You hit the gnoll but do no damage.
The gnoll is severely wounded.
The gnoll barely misses you. The gnoll hits you with a +0 flail!
Ouch! That really hurt!
* * * LOW HITPOINT WARNING * * *
The gnoll misses you.
You are too injured to fight recklessly!
You are too injured to fight recklessly!
You are too injured to fight recklessly!
You kill the gnoll!
You have reached level 4!
The gnoll looks more healthy.
Found a clear potion.
Aiming: Poisonous Vapours (safe; 14% risk of failure)
Press: ? - help, Q - select action, (/) - cycle Dir - move target, f - gnoll
Aim: a gnoll, wielding a +0 flail (heavily wounded) Poisonous vapours surround the gnoll!
The gnoll is poisoned.
Aiming: Poisonous Vapours (safe; 14% risk of failure)
Press: ? - help, Q - select action, (/) - cycle Dir - move target, f/p - gnoll
Aim: a gnoll, wielding a +0 flail (heavily wounded, poisoned) Poisonous vapours surround the gnoll!
The gnoll looks even sicker.
Unknown command.
Aiming: Poisonous Vapours (safe; 14% risk of failure)
Press: ? - help, Q - select action, (/) - cycle Dir - move target, f/p - gnoll
Aim: a gnoll, wielding a +0 flail (severely wounded, very poisoned)
You miscast Poisonous Vapours.
You are very lightly contaminated with residual magic.
Nothing appears to happen.
You kill the gnoll!
Your Stealth skill increases to level 4!
Are you sure you want to abandon this character and quit the game? (Confirm with "yes".)

.......#.#
#...........########
.........#
#.......)g.##
........##
#.........##
##.####.#
#.......### .#.# .#
###.......# .#.# .#
#!........# ...####
..#.......# ........
#.......# ........
####@#### ....... .
#.# ###..# .# ..#
###..##.## #..#
....<....## ..##
..........##..#.
.............##.
..........######
..........#~~~


You could see a gnoll.

Vanquished Creatures
  2 gnolls (D:2)
  2 adders (D:2)
  A worm (D:2)
  A dart slug (D:1)
  3 ball pythons
  2 endoplasms
  A giant cockroach (D:2)
  7 goblins
  3 hobgoblins
  5 jackals (D:1)
  7 kobolds
  2 bats
  2 frilled lizards (D:1)
  2 rats
40 creatures vanquished.

Notes
Turn   | Place    | Note
-------+----------+-------------------------------------------
     0 | D:1      | qeuew the Spriggan Venom Mage began the quest for the Orb.
     0 | D:1      | Reached XP level 1. HP: 9/9 MP: 5/5
   263 | D:1      | Reached XP level 2. HP: 13/13 MP: 1/6
   265 | D:1      | Found Elling's Book Boutique.
   700 | D:1      | Learned a level 2 spell: Poisonous Vapours
  1364 | D:1      | Reached XP level 3. HP: 14/16 MP: 2/8
  2077 | D:2      | Reached skill level 1 in Short Blades
  2449 | D:2      | Reached XP level 4. HP: 4/21 MP: 5/9
  2465 | D:2      | Reached skill level 4 in Stealth
  2468 | D:2      | Quit the game

Illustrated notes

Levels and vault maps discovered:
D:1:      dpeg_arrival_court, layout_loops_corners, serial_shops,
          nicolae_shop_statue_plus, minmay_hedge_maze, patterned_corridor
D:2:      layout_rooms, shapermc_ecumenical_altar_venn, st_stairs_12,
          minmay_misc_feat_doors, amcnicky_mini_rare_corridor_liquid,
          uniq_crazy_yiuf_cottage

Skill      XL: |  1  2  3  4 |
---------------+-------------+-----
Dodging        | 3 |  3.4
Transmutations | 2 |  2.4
Spellcasting   | 3 |  3.3
Short Blades   | 1 |  1.3
Stealth        | 4 |  4.0
Poison Magic   | |  3.4

Action                   |  1- 3 |  4- 6 || total
-------------------------+-------+-------++-------
Melee: Unarmed           |     1 |       ||     1
       Short sword       |    67 |       ||    67
 Cast: Sting             |    57 |       ||    57
       Poisonous Vapours |     9 |     2 ||    11
  Use: Scroll            |     3 |       ||     3
       Potion            |     1 |       ||     1
 Stab: Sleeping          |     1 |       ||     1
Armor: Robe              |     3 |       ||     3
Dodge: Dodged            |    81 |       ||    81
